 Dungeon Crawl Stone Soup version 0.19.5 (webtiles) character file.

128 tidbits the Magician (level 4, 0/29 HPs)
             Began as a High Elf Skald on Nov 13, 2017.
             Was a Follower of Uskayaw.
             Slain by a hound (2 damage)
             ... on level 5 of the Dungeon.
             The game lasted 00:10:06 (1240 turns).

tidbits the Magician (High Elf Skald)               Turns: 1240, Time: 00:10:07

Health: 0/29       AC:  4    Str: 12    XL:     4   Next: 86%
Magic:  1/11       EV: 11    Int: 15    God:    Uskayaw [*.....]
Gold:   21         SH:  0    Dex: 15    Spells: 5 memorised, 1 level left

rFire  . . .     SeeInvis .     a - +0 long sword
rCold  . . .     Gourm    .     l - -1 ring mail (curse)
rNeg   . . .     Faith    .     (no shield)
rPois  .         Spirit   .     (no helmet)
rElec  .         Reflect  .     (no cloak)
rCorr  .         Harm     .     (no gloves)
MR     .....                    (no boots)
Stlth  +.........               (no amulet)
                                (no ring)
                                (no ring)

@: infused, very slightly contaminated, glowing
A: no striking features
a: Stomp, Renounce Religion


You were on level 5 of the Dungeon.
You worshipped Uskayaw.
Uskayaw was noncommittal.
You were hungry.

You visited 1 branch of the dungeon, and saw 6 of its levels.

You collected 21 gold pieces.

Inventory:

Hand Weapons
 a - a +0 long sword (weapon)
   (You found it on level 3 of the Dungeon)
 k - a +0 falchion
Missiles
 e - 24 bolts
 f - 16 poisoned needles
Armour
 b - a +0 leather armour
 l - a cursed -1 ring mail (worn)
   (You found it on level 3 of the Dungeon)
Scrolls
 g - a scroll of noise
 j - a scroll of enchant weapon
 n - a scroll of identify
Potions
 m - 2 potions of agility
Books
 d - a book of Battle

   Spells                             Type                      Level
   a - Infusion                       Charms                       1
   b - Shroud of Golubria             Charms/Translocation         2
   c - Song of Slaying                Charms                       2
   d - Spectral Weapon                Hexes/Charms                 3
   e - Regeneration                   Charms/Necromancy            3
Comestibles
 c - 2 bread rations
 h - 2 beef jerkies
 i - 2 fruits


   Skills:
 - Level 2.0 Fighting
 + Level 3.2 Long Blades
 - Level 0.8 Armour
 - Level 2.1 Dodging
 - Level 4.6 Spellcasting
 + Level 1.0 Hexes
 + Level 3.8 Charms
 + Level 0.2 Necromancy


You had one spell level left.
You knew the following spells:

 Your Spells              Type           Power        Failure   Level  Hunger
g - Shroud of Golubria    Chrm/Tloc      #.........   28%         2    ##.....
i - Infusion              Chrm           ##..         12%         1    None
r - Regeneration          Chrm/Necr      #.........   56%         3    ###....
w - Spectral Weapon       Hex/Chrm       ##......     43%         3    ###....
y - Song of Slaying       Chrm           ##......     14%         2    ##.....


Dungeon Overview and Level Annotations

Branches:
Dungeon (6/15)
 Temple: D:4-7

Altars:
Uskayaw

Shops:
D:6 =


Message History

You can no longer pass through a line of other dancers.
Your song is almost over.
You open the door.
Found Hibo's Jewellery Emporium.
There is an open door here.
There is an entrance to Hibo's Jewellery Emporium here.
You can access your shopping list by pressing '$'.
You open the door.
Your song has ended.
You hear an angry hiss.
There is an open door here.
An iguana comes into view.
Casting: Song of Slaying
Confirm with . or Enter, or press ? or * to list all spells.
You miscast Spectral Weapon.
You are very lightly contaminated with residual magic.
Your skin glows momentarily.
You are feeling hungry.
Casting: Spectral Weapon
Confirm with . or Enter, or press ? or * to list all spells.
You draw out your weapon's spirit!
The iguana bites you!
Unknown command.
You slash the iguana!
The iguana is heavily wounded.
Your spectral weapon barely misses the iguana.
The iguana barely misses you.
You riposte.
You barely miss the iguana.
The iguana is heavily wounded.
You hit the iguana but do no damage.
The iguana is heavily wounded.
Your spectral weapon hits the iguana!
The iguana misses you.
You riposte.
You closely miss the iguana.
The iguana is almost dead.
You hit the iguana.
You kill the iguana!
Your Hexes skill increases to level 1!
You swap places.
You see here an iguana corpse.
Found a stone staircase leading up.
Found 5 gold pieces.
There is a stone staircase leading up here.
You climb upwards.
Your summoned ally is left behind.
Your spectral weapon fades away.
Found 16 gold pieces.
There is a stone staircase leading down here.
A hound comes into view.
The hound barks!
The hound moves out of view.
Found a hunting sling.
Casting: Spectral Weapon
Confirm with . or Enter, or press ? or * to list all spells.
You miscast Spectral Weapon.
You are outlined in light.
The hound bites you but does no damage.
Casting: Spectral Weapon
Confirm with . or Enter, or press ? or * to list all spells.
You miscast Spectral Weapon.
Multicoloured lights dance before your eyes!
The hound bites you.
Casting: Spectral Weapon
Confirm with . or Enter, or press ? or * to list all spells.
You begin infusing your attacks with magical energy.
The hound bites you but does no damage.
The hound pauses to sniff the ground.
The hound bites you but does no damage.
You closely miss the hound. The hound bites you but does no damage.
The hound bites you.
* * * LOW HITPOINT WARNING * * *
You hit the hound.
The hound is moderately wounded.
The hound closely misses you.
You barely miss the hound.
The hound is moderately wounded.
The hound bites you.
* * * LOW HITPOINT WARNING * * *
The hound barely misses you.
You closely miss the hound.
The hound is moderately wounded.
The hound bites you.
* * * LOW HITPOINT WARNING * * *
The hound barely misses you.
You barely miss the hound.
The hound is moderately wounded.
The hound bites you but does no damage. x2
You hit the hound.
The hound is heavily wounded.
The hound bites you but does no damage. The hound bites you.
* * * LOW HITPOINT WARNING * * *
You closely miss the hound.
The hound is heavily wounded.
The hound bites you.
* * * LOW HITPOINT WARNING * * *
The hound bites you.
* * * LOW HITPOINT WARNING * * *
You barely miss the hound.
The hound is heavily wounded.
The hound completely misses you.
You riposte.
You closely miss the hound.
The hound is heavily wounded.
You barely miss the hound.
The hound is heavily wounded.
The hound bites you.
You die...

$.....# #. .....
.)# .... ..# ###
#..# ....
.....#..# ....#
.......>######....
.###.#.#.......#
#.#.#..h.##..#
#.....@......#
###.#.......##
#.#.....###
#.#.......
..#....####
###....# ......
#.#.###


You could see a hound.

Vanquished Creatures
  An iguana (D:6)
  Natasha (D:2)
  2 adders
  2 gnolls (D:3)
  2 dart slugs
  A leopard gecko (D:3)
  4 orcs (D:5)
  2 giant cockroaches
  A goblin (D:1)
  2 hobgoblins (D:2)
  3 jackals (D:1)
  4 quokkas (D:3)
  2 bats
  2 kobolds
  A leopard gecko skeleton (D:4)
  2 rats
32 creatures vanquished.

Notes
Turn   | Place    | Note
-------+----------+-------------------------------------------
     0 | D:1      | tidbits the High Elf Skald began the quest for the Orb.
     0 | D:1      | Reached XP level 1. HP: 14/14 MP: 4/4
    37 | D:2      | Noticed Natasha
    39 | D:2      | Noticed a crimson imp
    83 | D:1      | Reached skill level 3 in Spellcasting
   154 | D:1      | Reached XP level 2. HP: 9/19 MP: 1/7
   159 | D:1      | Learned a level 2 spell: Song of Slaying
   162 | D:1      | Learned a level 2 spell: Shroud of Golubria
   405 | D:2      | Killed Natasha
   405 | D:2      | Reached skill level 4 in Spellcasting
   405 | D:2      | Reached XP level 3. HP: 5/24 MP: 1/10
   410 | D:2      | Learned a level 3 spell: Regeneration
   530 | D:3      | Learned a level 3 spell: Spectral Weapon
   746 | D:3      | Reached XP level 4. HP: 29/29 MP: 8/11
   756 | D:3      | Noticed a hand axe
   757 | D:3      | Noticed a hand axe
   781 | D:3      | Reached skill level 2 in Dodging
   822 | D:3      | Found a hide-covered altar of Uskayaw.
   828 | D:3      | Became a worshipper of Uskayaw the Reveler
   948 | D:3      | Reached * piety under Uskayaw
  1111 | D:5      | Entered Level 5 of the Dungeon
  1180 | D:5      | Reached ** piety under Uskayaw
  1183 | D:5      | Reached skill level 3 in Long Blades
  1186 | D:5      | Reached *** piety under Uskayaw
  1200 | D:6      | Found Hibo's Jewellery Emporium.
  1214 | D:6      | Reached skill level 1 in Hexes
  1238 | D:5      | HP: 2/29 [hound (4)]
  1240 | D:5      | Slain by a hound

Skill      XL: |  1  2  3  4 |
---------------+-------------+-----
Spellcasting   | 3 4 |  4.6
Dodging        | 2 |  2.1
Long Blades    | 3 |  3.2
Hexes          | 1 |  1.0
Fighting       | |  2.0
Armour         | |  0.8
Charms         | |  3.8
Necromancy     | |  0.2

Action                   |  1- 3 |  4- 6 || total
-------------------------+-------+-------++-------
Melee: Falchion          |    57 |    13 ||    70
       Long sword        |       |    31 ||    31
 Cast: Infusion          |    11 |     4 ||    15
       Shroud of Golubri |     3 |       ||     3
       Spectral Weapon   |       |     2 ||     2
       Song of Slaying   |       |     1 ||     1
  Use: Scroll            |     1 |     1 ||     2
       Potion            |     1 |       ||     1
 Stab: Paralysed         |       |     1 ||     1
  Eat: Pizza             |     1 |       ||     1
Armor: Leather armour    |    13 |     2 ||    15
       Ring mail         |       |    10 ||    10
Dodge: Dodged            |    35 |    22 ||    57
       Rpst.: Falchion   |    11 |     2 ||    13
       Long sword        |       |     7 ||     7

Table legend:
 A = Turns spent in this place as a percentage of turns spent in the entire game.
 B = Non-inter-level travel turns spent in this place as a percentage of non-inter-level travel turns spent in the entire game.
 C = Inter-level travel turns spent in this place as a percentage of turns spent in this place.
 D = Turns resting spent in this place as a percentage of non-inter-level travel turns spent in this place.
 E = Turns spent auto-exploring this place as a percentage of non-inter-level travel turns spent in this place.
 F = Non-inter-level travel turns spent in this place divided by the number of levels of this place that you've seen.
                   A       B       C       D       E      F
               +-------+-------+-------+-------+-------+----------------------
         Total | 100.0 | 100.0 |   0.2 |   0.0 |   0.0 | 182.0
       Dungeon | 100.0 | 100.0 |   0.2 |   0.0 |   0.0 | 182.0
               +-------+-------+-------+-------+-------+----------------------

Table legend:
 A = Kills in this place as a percentage of kills in entire the game.
 B = Kills by you in this place as a percentage of kills by you in the entire game.
 C = Kills by friends in this place as a percentage of kills by friends in the entire game.
 D = Other kills in this place as a percentage of other kills in the entire game.
 E = Experience gained in this place as a percentage of experience gained in the entire game.
 F = Experience gained in this place divided by the number of levels of this place that you have seen.
                   A       B       C       D       E      F
               +-------+-------+-------+-------+-------+----------------------
         Total | 100.0 | 100.0 |  -nan |  -nan | 100.0 |  30.5
       Dungeon | 100.0 | 100.0 |  -nan |  -nan | 100.0 |  30.5
               +-------+-------+-------+-------+-------+----------------------

Vault maps used:
D:1:      shiori_arrival_maze
D:2:      ashenzari_altar_1, first_bread, serial_bayou_lagoon_a, uniq_natasha
D:3:      wad_woods_tower, dancing_weapons_uskayaw, portal_sewer_entry_d,
          minmay_misc_feat_rows, bloody_trog
D:4:      lemuel_crystal_altar, serial_shops, shop, uniq_crazy_yiuf_cottage
D:5:      lemuel_temple_firewalk_b
D:6:      lemuel_round_altar, serial_shops, kennysheep_mini
